 Dungeon Crawl Stone Soup version 0.27-a0-1200-g94dc6ad4cf (webtiles) character file.

Game seed: 11294307382886573927

20 Shayle the Vexing (level 2, -2/21 HPs)
             Began as a Demonspawn Enchanter on May 31, 2021.
             Slain by a hobgoblin (4 damage)
             ... led by Robin
             ... on level 1 of the Dungeon.
             The game lasted 00:02:52 (968 turns).

Shayle the Vexing (Demonspawn Enchanter)             Turns: 968, Time: 00:02:53

Health: -2/21      AC:  3    Str:  8    XL:     2   Next: 58%
Magic:  1/5        EV: 12    Int: 16    God:
Gold:   63         SH:  0    Dex: 13    Spells: 2/5 levels left

rFire    . . .     SeeInvis .   a - +1 dagger
rCold    . . .     Faith    .   (no shield)
rNeg     . . .     Spirit   .   b - +0 robe
rPois    .         Reflect  .   (no helmet)
rElec    .         Harm     .   (no cloak)
rCorr    .         Rampage  .   (no gloves)
Will     .....                  (no boots)
Stlth    ++........             (no amulet)
HPRegen  0.07/turn              (no ring)
MPRegen  0.09/turn              (no ring)

@: very slightly contaminated
A: sharp scales 1
a: no special abilities


You were on level 1 of the Dungeon.
You visited 1 branch of the dungeon, and saw 2 of its levels.

You collected 63 gold pieces.

Inventory:

Hand Weapons
 a - a +1 dagger (weapon)
Armour
 b - a +0 robe (worn)
Scrolls
 c - a scroll of identify {unknown}
 e - a scroll of immolation {unknown}
 f - a scroll of holy word {unknown}
 g - a scroll of silence {unknown}
Potions
 d - a potion of brilliance {unknown}
 h - a potion of ambrosia {unknown}


   Skills:
 + Level 1.2 Fighting
 - Level 0.8 Short Blades
 + Level 1.0 Armour
 - Level 1.7 Dodging
 + Level 3.0 Stealth
 - Level 2.0 Spellcasting
 - Level 3.0 Hexes


You had 2 spell levels left.
You knew the following spells:

 Your Spells              Type           Power      Damage    Failure   Level
a - Corona                Hex            12%        N/A       6%          1
b - Ensorcelled Hibernat  Hex/Ice        12%        N/A       17%         2

Your spell library contained the following spells:

 Spells                   Type           Power      Damage    Failure   Level
 Confusing Touch          Hex            11%        N/A       19%         3
 Tukima's Dance           Hex            11%        N/A       19%         3
 Dazzling Flash           Conj/Hex       12%        N/A       32%         3


Dungeon Overview and Level Annotations

Branches:
Dungeon (2/15)

Altars:

Annotations:
D:2 Jessica, Robin


Innate Abilities, Weirdness & Mutations

You are partially covered in razor-sharp scales. (AC +1, Slay +1)


Message History

Unknown command.
Unknown command.
You escape the ball python's grasp.
The hobgoblin misses you.
Robin hits you from afar with a +0 trident.
The goblin hits you but does no damage. The hobgoblin hits you.
You climb upwards.
There is a stone staircase leading down here.
Unknown command.
Casting: Ensorcelled Hibernation (safe; 17% risk of failure)
Confirm with . or Enter, or press ? or * to list all spells.
Aiming: Ensorcelled Hibernation (safe; 17% risk of failure)
Press: ? - help, Shift-Dir - straight line, f - ball python
Aim: a ball python (chance to affect: 55%)
You miscast Ensorcelled Hibernation.
You are very lightly contaminated with residual magic.
Nothing appears to happen.
The ball python closely misses you. The ball python grabs you.
The ball python constricts you. The hobgoblin hits you.
The goblin hits you with a +0 dagger. The hobgoblin barely misses you.
The hobgoblin hits you. The ball python misses you.
* * * LOW HITPOINT WARNING * * *
The ball python constricts you.
Unknown command.
Casting: Ensorcelled Hibernation (safe; 17% risk of failure)
Confirm with . or Enter, or press ? or * to list all spells.
Aiming: Ensorcelled Hibernation (safe; 17% risk of failure)
Press: ? - help, Shift-Dir - straight line, f/p - ball python
Aim: a ball python (constricting you, chance to affect: 55%)
The ball python looks drowsy...
The ball python loses its grip on you. The hobgoblin closely misses you.
The goblin closely misses you. The hobgoblin misses you.
The hobgoblin hits you.
* * * LOW HITPOINT WARNING * * *
The helpless ball python fails to defend itself.
You puncture the ball python!
You kill the ball python!
The hobgoblin hits you.
* * * LOW HITPOINT WARNING * * *
The goblin closely misses you. The hobgoblin closely misses you.
The hobgoblin hits you.
You die...

###....≈.<.≈....###...####.....#
###....≈...≈....##...........#.#
..#.....≈≈≈.....#..#########.#.##
###[............#### ####....#
###.............# #........
..#.............# #.##....#
#.#≈...........≈# #.##.#.##
..#####.....#############.##.#.#
.#####.........g@g...........#.#
.# #........#..gg.#######.#..#.#
.# #(#....#...#....######.#....#
.###.##................##.#.##.#
..........#####....###.##.#.##.#
...#.###### #.#.## #.##.#.##.#
.#.#.# #.#.# #.##.#.##.## .#.#.#
#.#.# #.##........
.#.#.##########.#.# #.####.##...


You could see 3 hobgoblins and a goblin.

Vanquished Creatures
  An endoplasm (D:1)
  2 giant cockroaches (D:1)
  A goblin (D:1)
  2 jackals (D:1)
  A kobold (D:2)
  5 ball pythons
  2 bats (D:1)
  A frilled lizard (D:1)
  5 rats (D:1)
20 creatures vanquished.

Notes
Turn   | Place    | Note
-------+----------+-------------------------------------------
     0 | D:1      | Shayle the Demonspawn Enchanter began the quest for the
                  | Orb.
     0 | D:1      | Reached XP level 1. HP: 13/13 MP: 3/3
   129 | D:1      | Gained mutation: You are partially covered in razor-sharp
                  | scales. (AC +1, Slay +1) [demonic ancestry]
   129 | D:1      | Reached XP level 2. HP: 16/20 MP: 5/5
   132 | D:1      | Learned a level 2 spell: Ensorcelled Hibernation
   295 | D:2      | Noticed Robin
   354 | D:2      | Noticed Jessica
   424 | D:2      | Reached skill level 1 in Fighting
   548 | D:1      | Reached skill level 1 in Armour
   968 | D:1      | Slain by a hobgoblin

Illustrated notes

Levels and vault maps discovered:
D:1:      enne_arrival_octagon_isle, layout_loops_ring
D:2:      layout_rooms, hellmonk_ecumenical_altar_blasted, uniq_sigmund,
          uniq_natasha, uniq_jessica, uniq_robin

Skill      XL: |  1  2 |
---------------+-------+-----
Stealth        | 3 |  3.0
Fighting       | 1 |  1.2
Armour         | 1 |  1.0
Short Blades   | |  0.8
Dodging        | |  1.7
Spellcasting   | |  2.0
Hexes          | |  3.0

Action                   || total
-------------------------++-------
Melee: Dagger            ||    44
 Cast: Ensorcelled Hiber ||     5
       Corona            ||     1
 Stab: Sleeping          ||    10
Armor: Robe              ||    14
Dodge: Dodged            ||    45

Table legend: (Time is in decaauts)
 A = Elapsed time spent in this place.
 B = Non-inter-level travel time spent in this place.
 C = Inter-level travel time spent in this place.
 D = Time resting spent in this place.
 E = Time spent auto-exploring this place.
 F = Levels seen in this place.
 G = Mean time per level.
                   A        B        C        D        E       F      G
               +--------+--------+--------+--------+--------+-----+--------+
         Total |    971 |    906 |     65 |    133 |    460 |   2 |  485.5 |
       Dungeon |    971 |    906 |     65 |    133 |    460 |   2 |  485.5 |
               +--------+--------+--------+--------+--------+-----+--------+

Top non-repeatable levels by time:
     D:1: 882 daAuts
     D:2: 89 daAuts
